 Dungeon Crawl Stone Soup version 0.19-b1-4-gd8a0a2a (webtiles) character file.

1221 bobagete the Cutter (level 8, -5/71 HPs)
             Began as a Red Draconian Chaos Knight on Oct 30, 2016.
             Slain by Menkaure (19 damage)
             ... on level 6 of the Dungeon.
             The game lasted 00:25:46 (5759 turns).

bobagete the Cutter (Red Draconian Chaos Knight)    Turns: 5759, Time: 00:25:46

Health: -5/71      AC:  8    Str: 17    XL:     8   Next: 23%
Magic:  8/8        EV: 13    Int: 13    God:    Xom [.....*]
Gold:   342        SH:  3    Dex: 13    Spells: 0 memorised, 7 levels left

rFire  + + .     SeeInvis .     a - +0 short sword (chaos)
rCold  + . .     Gourm    .     (armour unavailable)
rNeg   . . .     Faith    .     D - +0 buckler
rPois  +         Spirit   .     (helmet restricted)
rElec  +         Reflect  .     (no cloak)
rCorr  .         Harm     .     q - +1 pair of gloves
MR     .....                    (no boots)
Stlth  +.........               (no amulet)
                                u - ring of Qahuag {rElec rPois rF+ rC+ Dex+3}
                                s - +4 ring of slaying

@: no status effects
A: breathe fire, unfitting armour, fire resistance 1, cold-blooded, AC +6
a: Breathe Fire, Renounce Religion


You were on level 6 of the Dungeon.
You worshipped Xom.
You were Xom's teddy bear.
You were not hungry.

You visited 1 branch of the dungeon, and saw 6 of its levels.

You collected 342 gold pieces.

Inventory:

Hand Weapons
 a - a +0 short sword of chaos (weapon)
 w - a +3 falchion
 x - a +0 short sword
Armour
 c - a +0 pair of gloves
 q - a +1 pair of gloves (worn)
 D - a +0 buckler (worn)
Magical Staves
 B - an uncursed staff of fire {unknown}
Jewellery
 s - a +4 ring of slaying (left hand)
 t - a +5 ring of evasion
 u - the ring of Qahuag (right hand) {rElec rPois rF+ rC+ Dex+3}
   (Xom gifted it to you on level 4 of the Dungeon)

   [ring of dexterity]

   It affects your dexterity (+3).
   It protects you from fire.
   It protects you from cold.
   It insulates you from electricity.
   It protects you from poison.
 G - an uncursed ring of protection from magic {unknown}
Wands
 z - a wand of disintegration (11/24)
Scrolls
 d - a scroll of enchant armour {unknown}
 g - a scroll of fog
 h - a scroll of recharging {unknown}
 j - 3 scrolls of identify
 k - 2 scrolls of amnesia
 n - 4 scrolls of magic mapping
 v - 2 scrolls of teleportation
 y - 2 scrolls of remove curse
Potions
 e - a potion of mutation {unknown}
 m - a potion of beneficial mutation {unknown}
 o - a potion of brilliance {unknown}
 p - a potion of magic
 r - 2 potions of might
 E - a potion of berserk rage {unknown}
 F - a potion of resistance {unknown}
Books
 C - a book of Changes

   Spells                             Type                      Level
   a - Beastly Appendage              Transmutation                1
   b - Sticks to Snakes               Transmutation                2
   c - Spider Form                    Transmutation/Poison         3
   d - Ice Form                       Ice/Transmutation            4
   e - Blade Hands                    Transmutation                5
Miscellaneous
 i - a fan of gales
Comestibles
 b - 4 bread rations
 f - 3 fruits
 A - a meat ration


   Skills:
 + Level 6.5 Fighting
 * Level 7.6 Short Blades
 + Level 4.7 Dodging


You had 7 spell levels left.
You didn't know any spells.

Dungeon Overview and Level Annotations

Branches:
Dungeon (6/15)
 Temple: D:4-7

Altars:
Elyvilon
Makhleb
Qazlal
Ru
Sif Muna
Xom

Shops:
D:4 [   D:5 :   D:6 ?

Annotations:
D:6 Eustachio, Menkaure


Innate Abilities, Weirdness & Mutations

You can breathe blasts of fire.
Your fiery red scales are hard. (AC +6)
You cannot fit into any form of body armour.
Your flesh is heat resistant. (rF+)
You are cold-blooded and may be slowed by cold attacks.


Message History

There are monsters nearby!
The quokka bites you but does no damage.
There is a shimmering altar of Xom here.
You barely miss the quokka. You block the quokka's attack.
You hit the quokka but do no damage.
Space bends around the quokka.
You kill the quokka! "This might be better!"
Menkaure seems to slow down.
You hit Menkaure.
Menkaure is lightly damaged.
You barely miss Menkaure. You tail-slap Menkaure.
Menkaure is moderately damaged.
Menkaure closely misses you.
You puncture Menkaure!
Menkaure's magic leaks into the air.
Menkaure is heavily damaged.
You hit Menkaure. You freeze Menkaure.
Menkaure is severely damaged.
Menkaure hits you!!
You die...
Xom laughs nastily!

###. ∆ ....
####..# ########
#.@..#
##..∩...##
#M####
##........####_#
#.....)_...#§@.#
#.....<._..†(###
#..........###
#..........#
#..........#
##...!..:.##


You could see Eustachio and Menkaure.

Vanquished Creatures
  The ghost of sheala the Sneak, an amateur HEEn (D:4)
  An ice beast (D:5)
  A centaur (shapeshifter) (D:4)
  A centaur (D:6)
  2 ogres
  A scorpion (D:4)
  A crimson imp (D:5)
  A quasit (D:6)
  2 orc priests
  2 hounds
  3 orc wizards
  Ijyb (D:2)
  A bullfrog skeleton (D:5)
  Jessica (D:2)
  An iguana (D:4)
  4 worker ants
  4 gnolls
  4 adders
  A shadow imp (D:6)
  An ooze (shapeshifter) (D:5)
  2 oozes
  4 worms
  2 dart slugs
  6 leopard geckos
  9 orcs
  7 giant cockroaches
  12 goblins
  6 hobgoblins
  8 jackals
  9 kobolds
  4 quokkas
  5 bats
  6 frilled lizards
  A jackal skeleton (D:5)
  A quokka skeleton (D:4)
  9 rats
125 creatures vanquished.

Vanquished Creatures (collateral kills)
  A sky beast (D:5)
1 creature vanquished.

Vanquished Creatures (others)
  A worker ant (D:4)
  An orc (D:3)
2 creatures vanquished.

Grand Total: 128 creatures vanquished

Notes
Turn   | Place    | Note
-------+----------+-------------------------------------------
     0 | D:1      | bobagete the Draconian Chaos Knight began the quest for the Orb.
     0 | D:1      | Reached XP level 1. HP: 19/19 MP: 1/1
   468 | D:1      | Reached XP level 2. HP: 24/26 MP: 2/2
   486 | D:1      | XOM: harmless Hex miscast
   853 | D:1      | XOM: cast spell 'Dragon Form'
   970 | D:1      | Reached XP level 3. HP: 30/33 MP: 3/3
  1594 | D:2      | XOM: harmless Divn miscast
  1597 | D:2      | Reached skill level 4 in Short Blades
  1603 | D:2      | Noticed Ijyb
  1612 | D:2      | XOM: divination: magic mapping
  1615 | D:2      | XOM: harmless Erth miscast
  1625 | D:2      | XOM: harmless Ice miscast
  1631 | D:2      | Killed Ijyb
  1631 | D:2      | Reached XP level 4. HP: 20/40 MP: 4/4
  1638 | D:2      | Found a deep blue altar of Sif Muna.
  1824 | D:2      | XOM: harmless Conj miscast
  1883 | D:2      | Noticed Jessica
  1892 | D:2      | XOM: cast spell 'Summon Butterflies'
  1895 | D:2      | Killed Jessica
  2029 | D:2      | Reached XP level 5. HP: 47/47 MP: 5/5
  2525 | D:3      | Noticed a phantom
  2529 | D:3      | XOM: 3-stop teleportation journey
  2581 | D:3      | Found a stormy altar of Qazlal.
  2600 | D:3      | XOM: harmless Ice miscast
  2685 | D:3      | XOM: god gift: fan of gales
  2706 | D:3      | Found a sacrificial altar of Ru.
  2794 | D:3      | XOM: confuse monster(s)
  2854 | D:3      | Reached skill level 5 in Short Blades
  2949 | D:3      | XOM: harmless Tmut miscast
  3033 | D:3      | XOM: mild Ice miscast
  3047 | D:3      | XOM: confusion (+ monsters)
  3413 | D:4      | Found Igull's Armour Shop.
  3574 | D:4      | XOM: mild Summ miscast
  3590 | D:4      | Noticed a centaur
  3590 | D:4      | a worker ant changed into a centaur
  3594 | D:4      | Killed a centaur
  3594 | D:4      | Reached skill level 5 in Fighting
  3594 | D:4      | Reached XP level 6. HP: 28/56 MP: 6/6
  3669 | D:4      | XOM: god gift: translucent granite ring {god gift}
  3672 | D:4      | Got a translucent granite ring {god gift}
  3674 | D:4      | Identified the ring of Qahuag {rElec rPois rF+ rC+ Dex+3} (Xom gifted it to you on level 4 of the Dungeon)
  4210 | D:4      | Noticed sheala's ghost (amateur HEEn)
  4435 | D:4      | Reached skill level 6 in Short Blades
  4435 | D:4      | Your scales start taking on a fiery red colour.
  4435 | D:4      | Reached XP level 7. HP: 61/61 MP: 7/7
  4435 | D:4      | Gained mutation: Your flesh is heat resistant. (rF+) [Red Draconian growth]
  4501 | D:4      | Killed sheala's ghost
  4607 | D:4      | XOM: smoke on damage
  4692 | D:4      | XOM: scenery: create altars
  4717 | D:4      | XOM: divine lightning (protected)
  4765 | D:4      | Found a white marble altar of Elyvilon.
  4834 | D:4      | XOM: god gift: twisted smoking staff {god gift}
  5044 | D:5      | Entered Level 5 of the Dungeon
  5131 | D:5      | XOM: summons 6 friendly demons
  5147 | D:5      | Reached skill level 7 in Short Blades
  5148 | D:5      | Reached XP level 8. HP: 56/71 MP: 8/8
  5332 | D:5      | Found Zaphumuo's Book Shop.
  5615 | D:5      | Found a burning altar of Makhleb.
  5618 | D:5      | XOM: cast spell 'Necromutation'
  5723 | D:6      | Found Xoaptum's Magic Scroll Shop.
  5723 | D:6      | Noticed Eustachio
  5723 | D:6      | Noticed Menkaure
  5726 | D:6      | XOM: divination: detect items
  5737 | D:6      | XOM: scenery: create altars
  5755 | D:6      | XOM: enchant monster (good)
  5759 | D:6      | Slain by Menkaure

Skill      XL: |  1  2  3  4  5  6  7 |
---------------+----------------------+-----
Fighting       | 4 5 6 |  6.5
Short Blades   | 4 5 6 7 |  7.6
Dodging        | 3 4 |  4.7

Action                   |  1- 3 |  4- 6 |  7- 9 || total
-------------------------+-------+-------+-------++-------
Melee: Short sword       |   160 |   182 |   116 ||   458
       Tailslap          |    16 |    16 |    24 ||    56
       Unarmed           |     1 |       |       ||     1
  Use: Scroll            |       |     1 |     5 ||     6
       Potion            |       |     1 |     3 ||     4
 Stab: Confused          |     1 |       |       ||     1
       Paralysed         |       |     1 |       ||     1
       Sleeping          |       |     2 |       ||     2
       Petrifying        |       |       |     1 ||     1
  Eat: Fruit             |     1 |     3 |       ||     4
       Chunk             |       |     3 |     2 ||     5
       Meat ration       |       |     1 |       ||     1
       Bread ration      |       |       |     1 ||     1
Armor: Skin              |    59 |    61 |    27 ||   147
Dodge: Dodged            |    88 |    99 |    59 ||   246
Block: Buckler           |       |       |     5 ||     5
